 Dungeon Crawl Stone Soup version 0.23-a0-550-g7de1f8e (webtiles) character file.

493 Geeful the Digger (level 7, -3/41 HPs)
             Began as an Octopode Earth Elementalist on Dec 9, 2018.
             Killed by divine providence
             ... invoked by an orc priest
              (13 damage)
             ... on level 5 of the Dungeon.
             The game lasted 00:14:00 (5120 turns).

Geeful the Digger (Octopode Earth Elementalist)     Turns: 5120, Time: 00:14:01

Health: -3/41      AC:  1    Str:  7    XL:     7   Next: 15%
Magic:  12/12      EV: 15    Int: 19    God:
Gold:   138        SH:  0    Dex: 16    Spells: 6/13 levels left

rFire    . . .     SeeInvis .   a - +3 hand axe (chop)
rCold    . . .     Gourm    .   (no shield)
rNeg     . . .     Faith    .   (helmet restricted)
rPois    .         Spirit   .   (no amulet)
rElec    .         Reflect  .   n - +3 ring of dexterity
rCorr    .         Harm     .   (no ring)
MR       .....                  (no ring)
Stlth    ++++......             (no ring)
HPRegen  0.13/turn              (no ring)
MPRegen  0.13/turn              (no ring)
                                (no ring)
                                (no ring)

@: no status effects
A: almost no armour, stealthy swim, amphibious, 8 rings, constrict 8, camouflage
1, gelatinous body 1
a: no special abilities


You were on level 5 of the Dungeon.
You were not hungry.

You visited 1 branch of the dungeon, and saw 5 of its levels.

You collected 138 gold pieces.

Inventory:

Hand Weapons
 a - a +3 hand axe of chopping (weapon)
 b - a +0 blowgun
Missiles
 j - 82 stones (quivered)
 k - 7 poisoned needles
Armour
 e - a +0 buckler
Jewellery
 n - a +3 ring of dexterity (left tentacle)
Scrolls
 d - 2 scrolls of immolation
 f - a scroll of identify
 g - a scroll of noise {unknown}
 l - a scroll of teleportation
 o - a scroll of amnesia
 p - 2 scrolls of enchant armour {unknown}
 q - a scroll of fog {unknown}
Potions
 h - a potion of haste
 i - 2 potions of cancellation {unknown}
 m - a potion of curing
 s - a potion of heal wounds {unknown}
Comestibles
 c - 12 rations


   Skills:
 + Level 4.0 Dodging
 - Level 4.2 Stealth
 + Level 2.4 Shields
 + Level 3.8 Spellcasting
 - Level 1.0 Transmutations
 + Level 4.6 Earth Magic


You had 6 spell levels left.
You knew the following spells:

 Your Spells              Type           Power        Failure   Level  Hunger
a - Sandblast             Erth           ###...       1%          1    None
b - Passwall              Tmut/Erth      ##......     7%          2    ##.....
c - Stone Arrow           Conj/Erth      ##....       16%         3    ###....
d - Apportation           Tloc           #.....       14%         1    None

Your spell library contained the following spells:

 Spells                   Type           Power        Failure   Level  Hunger
 Animate Skeleton         Necr           N/A          14%         1    None
 Confusing Touch          Hex            #.....       14%         1    None
 Summon Small Mammal      Summ           #...         14%         1    None
 Petrify                  Tmut/Erth      ##......     41%         4    ####...
 Lee's Rapid Deconstruct  Erth           ###.......   50%         5    ######.


Dungeon Overview and Level Annotations

Branches:
Dungeon (5/15)
 Temple: D:4-7

Altars:
Okawaru
Vehumet

Annotations:
D:5 Eustachio


Innate Abilities, Weirdness & Mutations

You cannot wear most types of armour.
You are very stealthy in the water. (Stealth+)
You are amphibious.
You can wear up to eight rings at the same time.
You can use your tentacles to constrict eight enemies at once.
Your skin changes colour to match your surroundings (Stealth+).
Your rubbery body absorbs attacks. (AC +1, EV +1)


Message History

You hit the orc priest.
You kill the orc priest!
The orc priest begins to cast a cantrip, but forgets the words!
The orc wizard mumbles some strange words.
The orc wizard blinks!
You hit the orc priest but do no damage.
Your grab misses the orc priest. The orc priest barely misses you.
The orc wizard casts a spell.
The orc wizard blinks!
You barely miss the orc priest. You grab the orc priest.
You constrict the orc priest, but do no damage.
The orc priest closely misses you.
You barely miss the orc priest. You constrict the orc priest.
The orc priest hits you with a +0 dagger.
* * * LOW HITPOINT WARNING * * *
Eustachio casts a spell.
Eustachio blinks!
The orc priest mumbles some strange prayers to Beogh against you.
Beogh smites you!
You die...

#.# #.# #.#
#.# #o#
#..## #o§
.... #Z#
#..### #o#
..#<# #@#
#.#.# #.#
#.#.#.#.#
#...#.#.#
###.(.#.#.#
#.....#.#.#
#.....#.#.#
#.....#.#.#
#.....#.#.#


You could see an orc priest, an orc wizard, an orc and a centaur skeleton.

Vanquished Creatures
  A scorpion (D:4)
  A jelly (D:4)
  3 hounds (D:4)
  2 orc priests
  2 orc wizards
  Terence (D:3)
  8 adders
  An ooze (D:2)
  A worm (D:2)
  2 dart slugs
  5 leopard geckos
  13 orcs
  2 ball pythons
  6 giant cockroaches
  5 goblins
  6 hobgoblins
  7 jackals (D:3)
  2 quokkas
  11 bats
  6 frilled lizards
  4 kobolds
  A leopard gecko skeleton (D:4)
  9 rats
99 creatures vanquished.

Notes
Turn   | Place    | Note
-------+----------+-------------------------------------------
     0 | D:1      | Geeful the Octopode Earth Elementalist began the quest for
                  | the Orb.
     0 | D:1      | Reached XP level 1. HP: 11/11 MP: 3/3
   148 | D:1      | You fall through a shaft!
   178 | D:2      | Reached XP level 2. HP: 2/17 MP: 0/5
  1248 | D:2      | Reached XP level 3. HP: 9/21 MP: 1/6
  2147 | D:2      | Reached XP level 4. HP: 27/27 MP: 7/7
  2677 | D:3      | Noticed Terence
  2691 | D:3      | Killed Terence
  2691 | D:3      | Reached XP level 5. HP: 7/31 MP: 0/9
  3608 | D:3      | Found a faded altar of an unknown god.
  3837 | D:4      | Found an iron altar of Okawaru.
  3870 | D:4      | Found a radiant altar of Vehumet.
  3877 | D:4      | Reached skill level 1 in Shields
  3878 | D:4      | Reached XP level 6. HP: 22/36 MP: 8/10
  3882 | D:4      | Learned a level 2 spell: Passwall
  3886 | D:4      | Learned a level 3 spell: Stone Arrow
  3888 | D:4      | Learned a level 1 spell: Apportation
  4523 | D:4      | Noticed a phantom
  5003 | D:4      | Reached XP level 7. HP: 41/41 MP: 8/12
  5076 | D:5      | Entered Level 5 of the Dungeon
  5111 | D:5      | Noticed Eustachio
  5120 | D:5      | Killed from afar by an orc priest

Vault maps used:
D:1:      wander_arrival_chamber, minmay_cut_off
D:3:      chequers_ecumenical_altar_island, first_ration,
          hangedman_decor_clover_reticule, uniq_terence
D:4:      cheibrodos_helix_gallery, old_standard_altar, kennysheep_mini
D:5:      uniq_grinder, uniq_pikel, uniq_prince_ribbit1, uniq_eustachio

Skill      XL: |  1  2  3  4  5  6  7 |
---------------+----------------------+-----
Stealth        | 3 4 |  4.2
Dodging        | 3 4 |  4.0
Spellcasting   | 3 |  3.8
Shields        | 1 2 |  2.4
Earth Magic    | 4 |  4.6
Transmutations | |  1.0

Action                   |  1- 3 |  4- 6 |  7- 9 || total
-------------------------+-------+-------+-------++-------
Melee: Unarmed           |     9 |       |       ||     9
       Spear             |    59 |    20 |       ||    79
       Constrict         |    16 |    28 |     4 ||    48
       Tentacles         |     5 |    16 |     2 ||    23
       Hand axe          |       |    89 |    11 ||   100
 Cast: Sandblast         |    21 |    26 |     1 ||    48
  Use: Scroll            |     3 |     2 |       ||     5
       Potion            |     2 |     1 |       ||     3
 Stab: Sleeping          |    11 |    15 |       ||    26
  Eat: Chunk             |     4 |     9 |       ||    13
Armor: Skin              |    12 |    14 |       ||    26
Dodge: Dodged            |    54 |    90 |     5 ||   149

Table legend:
 A = Non-vault XP
 B = Vault XP
 C = Vault XP percentage of total XP
 D = Non-vault monster count
 E = Vault monster count
 F = Vault count percentage of total count
                 A         B        C        D         E       F
            +---------+---------+-------+---------+---------+-------
      Total |     666 |      39 |   5.5 |      97 |       2 |   2.0
            +---------+---------+-------+---------+---------+-------
        D:1 |      20 |       0 |   0.0 |      13 |       0 |   0.0
        D:2 |      91 |       0 |   0.0 |      26 |       0 |   0.0
        D:3 |      57 |      36 |  38.7 |      32 |       1 |   3.0
        D:4 |     417 |       3 |   0.7 |      24 |       1 |   4.0
        D:5 |      81 |       0 |   0.0 |       2 |       0 |   0.0
            +---------+---------+-------+---------+---------+-------
